 Dungeon Crawl Stone Soup version 0.18-a0-1791-g880dd48 (webtiles) character file.

713 Sixotanaka the Cleaver (level 8, -2/58 HPs)
             Began as a Human Fighter on Apr 22, 2016.
             Was an Initiate of Okawaru.
             Succumbed to a scorpion's poison
             ... on level 4 of the Dungeon.
             The game lasted 00:13:15 (4791 turns).

Sixotanaka the Cleaver (Human Fighter)              Turns: 4791, Time: 00:13:16

Health: -2/58      AC:  7    Str: 19    XL:     8   Next: 1%
Magic:  8/8        EV:  2    Int:  9    God:    Okawaru [......]
Gold:   159        SH:  0    Dex: -17 (12)Spells: 0 memorised, 7 levels left

rFire  . . .     SeeInvis .     a - +0 war axe
rCold  . . .     Gourm    .     b - +0 scale mail
rNeg   . . .     Faith    .     c - +0 shield
rPois  .         Spirit   .     (no helmet)
rElec  .         Dismiss  .     y - +0 cloak
rCorr  .         Reflect  .     (no gloves)
SustAt .         Harm     .     (no boots)
MR     .....                    (no amulet)
Stlth  ..........               (no ring)
                                (no ring)

@: lethally poisoned (-2 -> -31), slowed, lost dexterity, very slow, not
resistant to hostile enchantments, extremely unstealthy
A: no striking features
a: Renounce Religion


You were on level 4 of the Dungeon.
You worshipped Okawaru.
Okawaru was noncommittal.
You were not hungry.

You visited 1 branch of the dungeon, and saw 5 of its levels.

You collected 159 gold pieces.


   Skills:
 - Level 3.0 Fighting
 + Level 8.5 Axes
 - Level 3.0 Armour
 - Level 3.0 Shields


You had 7 spell levels left.
You didn't know any spells.

Dungeon Overview and Level Annotations

Branches:
Dungeon (5/15)
 Temple: D:4-7

Altars:
Dithmenos
Okawaru
Vehumet

Inventory:

Hand Weapons
 a - a +0 war axe (weapon)
Armour
 b - a +0 scale mail (worn)
 c - a +0 shield (worn)
 y - a +0 cloak (worn)
Jewellery
 v - an uncursed ring of fire {unknown}
Wands
 r - a wand of acid (7/15)
 D - a wand of polymorph (18/24)
Scrolls
 g - a scroll of noise {unknown}
 o - 4 scrolls of magic mapping
 p - 2 scrolls of fog
 t - a scroll of enchant armour
 u - a scroll of remove curse {unknown}
 x - a scroll of amnesia {unknown}
 z - a scroll of recharging {unknown}
 C - a scroll of fear {unknown}
Potions
 d - 2 potions of might
 i - a potion of haste {@q3}
 j - 2 potions of flight
Books
 w - a book of Necromancy
Comestibles
 f - 6 bread rations
 k - a beef jerky
 l - 3 fruits

#.### ##.....#.##.#....... #.#
##...##.##.)..._... #.#
##'###...)#....... #.# #.#
####.#....... #.# #.#
#.##.....# #.# ##.## #.####.###
##.###### ##...## #.........
##......... #.s...## ##.#.....#
#....§§.§§.###@..#.####...#####
##....§§§...............###
##...§§§.#####..#.######
##.§.§..# #.#.## ...#### #.###
#### #.# #.# #.# #.#


You could see a scorpion.


Message History

You start waiting.
You feel less exhausted.
You hear a distant slurping noise.
A scorpion comes into view.
A scorpion is nearby!
A scorpion is nearby!
A centaur comes into view.
The centaur shouts!
The centaur wields a shortbow.
The centaur shoots an arrow.
The arrow hits you!
You see here an arrow.
The centaur shoots an arrow.
The arrow hits you but does no damage.
The centaur shoots an arrow.
The arrow hits you.
You see here 2 arrows.
The centaur shoots an arrow.
The arrow hits you!
* * * LOW HITPOINT WARNING * * *
The scorpion stings you but does no damage.
The centaur shoots an arrow.
The arrow hits you.
* * * LOW HITPOINT WARNING * * *
You see here 2 arrows.
The centaur shoots an arrow.
The arrow hits you.
* * * LOW HITPOINT WARNING * * *
The centaur shoots an arrow.
The arrow hits you but does no damage.
The scorpion stings you but does no damage.
A quokka comes into view.
You see here 2 arrows.
The centaur shoots an arrow.
The arrow hits you!
* * * LOW HITPOINT WARNING * * *
The centaur shoots an arrow.
The arrow hits you.
* * * LOW HITPOINT WARNING * * *
You see here 2 arrows.
The scorpion stings you but does no damage.
Drink which item? (? for menu, Esc to quit)
You feel much better.
The scorpion stings you but does no damage.
An ice beast comes into view.
Drink which item? (? for menu, Esc to quit)
Okay, then.
The scorpion stings you.
You are poisoned.
The scorpion poisons you!
You feel sick.
You feel sick. The scorpion stings you.
There is a stone staircase leading up here.
Things that are here:
a ring of flight x2; an uncursed ring of flight You feel sick.
The scorpion stings you but does no damage.
You climb upwards.
You feel sick.
There is a stone staircase leading down here.
You hit the scorpion.
The scorpion stings you but does no damage. x2
You hit the scorpion.
You feel sick. The scorpion stings you!
* * * LOW HITPOINT WARNING * * *
You are more poisoned.
The scorpion poisons you! The scorpion stings you.
* * * LOW HITPOINT WARNING * * *
You are lethally poisoned!
The scorpion poisons you!
You hit the scorpion but do no damage.
* * * LOW HITPOINT WARNING * * *
You feel very sick. The scorpion stings you.
* * * LOW HITPOINT WARNING * * *
You are more poisoned.
The scorpion poisons you! The scorpion stings you!
* * * LOW HITPOINT WARNING * * *
Drink which item? (? for menu, Esc to quit)
Okay, then.
You closely miss the scorpion.
You die...

Action                   |  1- 3 |  4- 6 |  7- 9 || total
-------------------------+-------+-------+-------++-------
Melee: War axe           |   122 |   126 |   182 ||   430
Throw: Throwing net      |     1 |     1 |       ||     2
  Use: Scroll            |       |     4 |     1 ||     5
       Potion            |       |       |     8 ||     8
  Eat: Chunk             |     3 |       |     6 ||     9
       Meat ration       |       |     1 |       ||     1
Armor: Scale mail        |    46 |    53 |   296 ||   395
       Skin              |       |       |   118 ||   118
Dodge: Dodged            |    39 |    43 |    91 ||   173
Block: Shield            |    63 |    60 |    65 ||   188

Vault maps used:
D:1:      minmay_arrival_semitransparent
D:2:      first_bread, uniq_crazy_yiuf_cottage
D:3:      kennysheep_generic_room_6, uniq_natasha
D:4:      old_standard_altar, nicolae_dithmenos_through_a_glass_darkly,
          fiery_altar_vehumet
D:5:      gammafunk_temple_overflow_wave, uniq_edmund

Notes
Turn   | Place    | Note
--------------------------------------------------------------
     0 | D:1      | Sixotanaka the Human Fighter began the quest for the Orb.
     0 | D:1      | Reached XP level 1. HP: 18/18 MP: 1/1
   116 | D:1      | Reached XP level 2. HP: 24/24 MP: 2/2
   269 | D:1      | Reached skill level 3 in Axes
   558 | D:1      | Reached XP level 3. HP: 26/29 MP: 3/3
  1097 | D:2      | Noticed Crazy Yiuf
  1704 | D:2      | Reached XP level 4. HP: 35/35 MP: 4/4
  1752 | D:2      | Killed Crazy Yiuf
  1752 | D:2      | Reached skill level 4 in Axes
  1918 | D:3      | HP: 4/35 [gnoll/spear (9)]
  2209 | D:3      | Reached XP level 5. HP: 39/41 MP: 5/5
  2350 | D:3      | Reached skill level 5 in Axes
  2446 | D:3      | Noticed Natasha
  2456 | D:3      | Killed Natasha
  2595 | D:3      | Noticed Natasha
  2601 | D:3      | Killed Natasha
  2630 | D:3      | Noticed Natasha
  2636 | D:3      | Killed Natasha
  2636 | D:3      | Reached XP level 6. HP: 38/47 MP: 6/6
  2692 | D:3      | Reached skill level 6 in Axes
  3116 | D:4      | Found a shadowy altar of Dithmenos.
  3267 | D:4      | Reached XP level 7. HP: 38/52 MP: 7/7
  3268 | D:4      | Reached skill level 7 in Axes
  3467 | D:4      | Found a radiant altar of Vehumet.
  3487 | D:4      | Found an iron altar of Okawaru.
  3610 | D:4      | Became a worshipper of Warmaster Okawaru
  4251 | D:5      | Entered Level 5 of the Dungeon
  4304 | D:5      | Reached skill level 8 in Axes
  4629 | D:5      | Lost dexterity.
  4642 | D:5      | HP: 13/52 [quasit (2)]
  4684 | D:5      | HP: 12/52 [quasit (2)]
  4704 | D:5      | Reached XP level 8. HP: 47/58 MP: 8/8
  4780 | D:5      | HP: 13/58 [centaur/arrow (9)]
  4790 | D:4      | HP: 10/58 [scorpion (5)]
  4790 | D:4      | HP: 2/58 [scorpion (8)]
  4791 | D:4      | Succumbed to a scorpion's poison

Vanquished Creatures
  An ogre (D:4)
  A centaur (D:5)
  A giant frog (D:3)
  A scorpion (D:4)
  A quasit (D:5)
  A hound (D:5)
  An orc wizard (D:4)
  Crazy Yiuf (D:2)
  An iguana (D:4)
  Natasha (thrice) (D:3)
  3 worker ants (D:4)
  3 gnolls (D:3)
  An adder (D:4)
  An adder zombie (D:5)
  An adder skeleton (D:4)
  2 worms
  A dart slug (D:1)
  5 giant geckos
  5 orcs (D:4)
  4 giant cockroaches
  8 goblins
  10 hobgoblins
  10 jackals
  5 quokkas
  3 bats (D:1)
  A giant gecko skeleton (D:4)
  3 giant newts
  9 kobolds
  A quokka skeleton (D:4)
  7 rats
95 creatures vanquished.
